 Dungeon Crawl Stone Soup version 0.25-b1-23-ge2ad7d536c (webtiles) character file.

Game seed: 14950102916772463614, levelgen mode: deterministic

70 Esekla the Grave Robber (level 4, 0/28 HPs)
             Began as an Octopode Necromancer on May 30, 2020.
             Killed from afar by an orc wizard (6 damage)
             ... with a magic dart
             ... on level 3 of the Dungeon.
             The game lasted 00:10:46 (1613 turns).

Esekla the Grave Robber (Octopode Necromancer)      Turns: 1613, Time: 00:10:46

Health: 0/28       AC:  1    Str:  8    XL:     4   Next: 22%
Magic:  3/7        EV: 13    Int: 17    God:
Gold:   20         SH:  0    Dex: 12    Spells: 4/8 levels left

rFire    . . .     SeeInvis .   e - +0 short sword
rCold    . . .     Gourm    .   (no shield)
rNeg     . . .     Faith    .   (helmet restricted)
rPois    .         Spirit   .   (no amulet)
rElec    .         Reflect  .   (no ring)
rCorr    .         Harm     .   (no ring)
MR       .....                  (no ring)
Stlth    +++.......             (no ring)
HPRegen  0.09/turn              (no ring)
MPRegen  0.10/turn              (no ring)
                                (no ring)
                                (no ring)

@: no status effects
A: almost no armour, stealthy swim, amphibious, 8 rings, constrict 8, camouflage
1, gelatinous body 1
a: no special abilities


You were on level 3 of the Dungeon.
You were hungry.

You visited 1 branch of the dungeon, and saw 3 of its levels.

You collected 20 gold pieces.

Inventory:

Hand Weapons
 e - a +0 short sword (weapon)
Scrolls
 c - a scroll of blinking {unknown}
 d - a scroll of amnesia {unknown}
 g - 3 scrolls of immolation {unknown}
 j - a scroll of remove curse {unknown}
 k - 2 scrolls of identify {unknown}
Potions
 a - a potion of degeneration {unknown}
 f - a potion of invisibility {unknown}
 h - a potion of might {unknown}
 i - 3 potions of curing {unknown}
Comestibles
 b - 3 rations


   Skills:
 * Level 1.5 Fighting
 + Level 0.5 Short Blades
 * Level 2.3 Dodging
 + Level 3.4 Stealth
 * Level 2.6 Spellcasting
 + Level 4.3 Necromancy


You had 4 spell levels left.
You knew the following spells:

 Your Spells              Type           Power        Failure   Level  Hunger
a - Pain                  Necr           ###.         3%          1    #......
d - Vampiric Draining     Necr           ###.......   9%          3    ###....

Your spell library contained the following spells:

 Spells                   Type           Power        Failure   Level  Hunger
 Animate Skeleton         Necr           N/A          3%          1    #......
 Animate Dead             Necr           N/A          30%         4    #####..
 Agony                    Necr           ###.....     63%         5    ######.


Dungeon Overview and Level Annotations

Branches:
Dungeon (3/15)

Altars:

Annotations:
D:3 Natasha


Innate Abilities, Weirdness & Mutations

You cannot wear most types of armour.
You are very stealthy in the water. (Stealth+)
You are amphibious.
You can wear up to eight rings at the same time.
You can use your tentacles to constrict eight enemies at once.
Your skin changes colour to match your surroundings (Stealth+).
Your rubbery body absorbs attacks. (AC +1, EV +1)


Message History

A puff of frost appears from out of thin air!
The puff of frost hits you!
* * * LOW HITPOINT WARNING * * *
Casting: Pain (safe; 3% risk of failure)
Confirm with . or Enter, or press ? or * to list all spells.
Okay, then.
Casting: Pain (safe; 3% risk of failure)
Confirm with . or Enter, or press ? or * to list all spells.
The spell is quite dangerous to cast (9% risk of failure)!
Continue anyway?
Aiming: Vampiric Draining (quite dangerous; 9% risk of failure)
Press: ? - help, Shift-Dir - straight line You feel life coursing into your body.
Something hits you but does no damage.
You miss something. Something hits you but does no damage.
You closely miss something. Something hits you.
* * * LOW HITPOINT WARNING * * *
A rat comes into view.
You miss something. Something barely misses you.
A magic dart appears from out of thin air!
The magic dart hits you.
You die...

#.. #.# #.# #.# #.#
#####.### #....†..#
#########..##...#####
#.....{..@..[...#...##
#.#######........###.##
#)# #..#....## ##.####
#)##### #.....<.#
#..... #.....#
##.##...## ##.###.
#.....# #.....#.###.##
#.....# ####'###...##
#.....# ##...######
#.....# ##.....##


There were no monsters in sight!

Vanquished Creatures
  3 adders (D:2)
  2 dart slugs
  A leopard gecko (D:2)
  2 orcs (D:3)
  4 giant cockroaches
  3 goblins
  3 hobgoblins (D:2)
  A jackal (D:2)
  9 bats
  3 frilled lizards
  A kobold (D:2)
  6 rats
38 creatures vanquished.

Notes
Turn   | Place    | Note
-------+----------+-------------------------------------------
     0 | D:1      | Esekla the Octopode Necromancer began the quest for the
                  | Orb.
     0 | D:1      | Reached XP level 1. HP: 11/11 MP: 3/3
    80 | D:1      | Reached skill level 1 in Fighting
   397 | D:1      | Reached XP level 2. HP: 18/18 MP: 5/5
   762 | D:2      | Reached XP level 3. HP: 13/23 MP: 6/6
   767 | D:2      | Learned a level 3 spell: Vampiric Draining
  1205 | D:3      | Noticed Natasha
  1484 | D:2      | Reached XP level 4. HP: 28/28 MP: 5/7
  1613 | D:3      | Killed from afar by an orc wizard

Illustrated notes

Levels and vault maps discovered:
D:1:      lemuel_arrival_river_bridge, layout_basic
D:2:      layout_loops_cross, minmay_misc_feat_chi
D:3:      corexii_shack_village, layout_loops_corners, lemuel_round_altar,
          old_standard_altar, uniq_natasha

Skill      XL: |  1  2  3 |
---------------+----------+-----
Fighting       | 1 |  1.5
Stealth        | 3 |  3.4
Short Blades   | |  0.5
Dodging        | |  2.3
Spellcasting   | |  2.6
Necromancy     | |  4.3

Action                   |  1- 3 |  4- 6 || total
-------------------------+-------+-------++-------
Melee: Unarmed           |    19 |       ||    19
       Constrict         |    18 |     1 ||    19
       Tentacles         |     9 |     1 ||    10
       Short sword       |    42 |    11 ||    53
 Cast: Pain              |    13 |     3 ||    16
       Vampiric Draining |     4 |     1 ||     5
 Stab: Sleeping          |     9 |     1 ||    10
  Eat: Chunk             |     2 |       ||     2
Armor: Skin              |     8 |       ||     8
Dodge: Dodged            |    40 |     5 ||    45
